 Dungeon Crawl Stone Soup version 0.23.2-1-ga50397a6bc (webtiles) character file.

Game seed: 1222402232112864214

60 Mrkan the Skirmisher (level 4, -1/37 HPs)
             Began as a Barachi Fighter on May 20, 2019.
             Succumbed to an adder's poison
             ... on level 2 of the Dungeon.
             The game lasted 00:01:38 (1279 turns).

Mrkan the Skirmisher (Barachi Fighter)              Turns: 1279, Time: 00:01:38

Health: -1/37      AC:  6    Str: 18    XL:     4   Next: 6%
Magic:  4/4        EV:  7    Int:  9    God:
Gold:   82         SH:  9    Dex: 11    Spells: 3/3 levels left

rFire    . . .     SeeInvis .   a - +0 long sword
rCold    . . .     Gourm    .   c - +0 shield
rNeg     . . .     Faith    .   b - +0 scale mail
rPois    .         Spirit   .   (no helmet)
rElec    .         Reflect  .   (no cloak)
rCorr    .         Harm     .   (no gloves)
MR       .....                  (no boots)
Stlth    ..........             (no amulet)
HPRegen  0.12/turn              (no ring)
MPRegen  0.09/turn              (no ring)

@: lethally poisoned (-1 -> -14), slow
A: +LOS, swims, slowness 1, strong legs 1
a: Hop


You were on level 2 of the Dungeon.
You were not hungry.

You visited 1 branch of the dungeon, and saw 2 of its levels.

You collected 82 gold pieces.

Inventory:

Hand Weapons
 a - a +0 long sword (weapon)
 m - a +2 whip of venom
Armour
 b - a +0 scale mail (worn)
 c - a +0 shield (worn)
Jewellery
 h - a cursed amulet of inaccuracy {unknown}
 n - an uncursed ring of wizardry {unknown}
Scrolls
 e - a scroll of amnesia {unknown}
 g - a scroll of remove curse {unknown}
 k - a scroll of enchant weapon {unknown}
 l - a scroll of fog {unknown}
 o - a scroll of identify {unknown}
Potions
 d - a potion of might
 i - 3 potions of resistance {unknown}
 j - a potion of curing {unknown}
Comestibles
 f - 3 rations


   Skills:
 + Level 4.2 Fighting
 * Level 4.0 Long Blades
 - Level 3.6 Armour
 + Level 3.8 Shields


You had 3 spell levels left.
You didn't know any spells.
Your spell library contained the following spells:

 Spells                   Type           Power        Failure   Level  Hunger
 Magic Dart               Conj           #...         99%         1    ##.....
 Blink                    Tloc           N/A          100%        2    ###....
 Call Imp                 Summ           #.......     100%        2    ###....
 Slow                     Hex            #.......     100%        2    ###....
 Conjure Flame            Conj/Fire      #.......     100%        3    ####...
 Mephitic Cloud           Conj/Pois/Air  #.......     100%        3    ####...


Dungeon Overview and Level Annotations

Branches:
Dungeon (2/15)

Altars:
Gozag
Okawaru
Xom


Innate Abilities, Weirdness & Mutations

Shadows flee at your approach. (+LOS)
You can swim through water.
You cover ground slowly.
You can hop short distances.


Message History

You feel sick. The adder bites you.
* * * LOW HITPOINT WARNING * * *
You are more poisoned.
The adder poisons you!
You closely miss the adder.
The adder is almost dead.
* * * LOW HITPOINT WARNING * * *
You feel sick. The adder bites you.
* * * LOW HITPOINT WARNING * * *
The adder bites you but does no damage.
You closely miss the adder.
The adder is almost dead.
* * * LOW HITPOINT WARNING * * *
You feel sick. The adder barely misses you.
You hit the adder.
You kill the adder!
Your Long Blades skill increases to level 4!
You have reached level 4!
You feel clever.
You die...

...............###..#
.......>.............
.....................
.....................
......................
.......?..†..........#
.........#...........#
.....!##.#)#.#.......#.#
.....# #.#@#.####.<.##.#
.###. #....#............
. #..###..........# ..
....###..........#
..#................##
.#.....###...<........
..................##.
.......###.........##
.........#..........#


There were no monsters in sight!

Vanquished Creatures
  An adder (D:2)
  An ooze (D:1)
  A dart slug (D:1)
  A leopard gecko (D:2)
  2 bats (D:1)
  2 giant cockroaches
  7 goblins
  9 hobgoblins
  5 jackals (D:1)
  5 kobolds (D:1)
  A frilled lizard (D:1)
  2 rats
37 creatures vanquished.

Notes
Turn   | Place    | Note
-------+----------+-------------------------------------------
     0 | D:1      | Mrkan the Barachi Fighter began the quest for the Orb.
     0 | D:1      | Reached XP level 1. HP: 18/18 MP: 1/1
    11 | D:1      | Found a shimmering altar of Xom.
    55 | D:1      | Reached XP level 2. HP: 23/25 MP: 2/2
   588 | D:1      | Reached XP level 3. HP: 12/30 MP: 3/3
  1237 | D:2      | Found an iron altar of Okawaru.
  1240 | D:2      | Found an opulent altar of Gozag.
  1278 | D:2      | HP: 1/30 [poisoned by an adder]
  1279 | D:2      | Reached XP level 4. HP: 1/37 MP: 4/4
  1279 | D:2      | Succumbed to an adder's poison

Skill      XL: |  1  2  3 |
---------------+----------+-----
Long Blades    | 3 4 |  4.0
Fighting       | 4 |  4.2
Armour         | |  3.6
Shields        | |  3.8

Action                   |  1- 3 |  4- 6 || total
-------------------------+-------+-------++-------
Melee: Long sword        |   148 |       ||   148
  Eat: Chunk             |     2 |       ||     2
Armor: Scale mail        |    70 |       ||    70
Dodge: Dodged            |    43 |       ||    43
Block: Shield            |    82 |       ||    82
       Rpst.: Long sword |    16 |       ||    16
